AoeStats
← [NICE_ASS] BigMasi

Arabia

504594759Analyzed
3v3 RM · 27d ago on Sep 5, 2026· 39m 43s· 6 players
Game mode
Random Map
Map size
Normal (6 player)
Population
200
Speed
Normal
Resources
Standard
Victory
Conquest
Starting age
Dark Age
Ending age
Imperial Age
RankedLock teamsTeams togetherTeam positionsShared explorationLock speedFull tech treeHidden civsTurbo modeCheats
Victory
Defeat
🇪🇸 Japanese · Spain
1325
+11
🇪🇸 Malians · Spain
1267
+13
🇪🇸 Cumans · Spain
1222
+14
🇨🇭 Koreans · Switzerland
1230
-14
🇺🇸 Franks · United States
1186
-12
🇦🇷 Britons · Argentina
1173
-12
Willie Beamin
5:33 Loom
11:16 Feudal Age
27:59 Castle Age
30:05 Forging
30:32 Scale Barding Armor
34:17 Double-Bit Axe
35:27 Pikeman
37:09 Husbandry
39:08 Gold Mining
[NICE_ASS] BigMasi
8:01 Loom
11:11 Feudal Age
12:22 Double-Bit Axe
17:27 Castle Age
17:01 Fletching
18:17 Bow Saw
20:58 Gold Mining
21:24 Bodkin Arrow
21:48 Husbandry
25:58 Wheelbarrow
29:06 Ballistics
34:31 Thumb Ring
38:39 Imperial Age
39:26 Bracer
40:36 Chemistry
(PNG) Adrogue_PR
7:44 Loom
9:45 Feudal Age
11:42 Double-Bit Axe
13:37 Fletching
22:35 Wheelbarrow
25:53 Castle Age
24:17 Horse Collar
24:44 Padded Archer Armor
26:33 Bodkin Arrow
27:00 Crossbowman
32:13 Ballistics
34:22 Stone Mining
34:24 Gold Mining
35:00 Bow Saw
39:14 Heavy Plow
Bonjons
4:50 Loom
9:31 Feudal Age
9:36 Man-at-Arms
18:16 Fletching
22:18 Castle Age
20:34 Padded Archer Armor
20:56 Double-Bit Axe
22:32 Crossbowman
24:03 Gold Mining
24:31 Bodkin Arrow
25:51 Bow Saw
26:09 Elite Skirmisher
27:41 Thumb Ring
31:55 Leather Archer Armor
32:35 Wheelbarrow
32:50 Ballistics
38:30 Imperial Age
38:13 Hand Cart
38:58 Scale Mail Armor
39:09 Forging
40:42 Ring Archer Armor
40:29 Chain Mail Armor
40:17 Squires
40:03 Arson
ulivr
6:50 Loom
9:26 Feudal Age
9:42 Man-at-Arms
15:08 Fletching
15:38 Double-Bit Axe
19:08 Horse Collar
24:19 Castle Age
22:34 Padded Archer Armor
23:26 Gold Mining
24:23 Crossbowman
25:31 Bodkin Arrow
26:53 Wheelbarrow
26:30 Bow Saw
26:58 Gold Shaft Mining
27:07 Town Watch
28:45 Thumb Ring
32:20 Ballistics
35:20 Hand Cart
35:54 Town Patrol
42:00 Imperial Age
Sakuda Minabo
6:29 Loom
9:24 Feudal Age
13:33 Forging
21:29 Castle Age
20:31 Bloodlines
22:38 Wheelbarrow
27:34 Scale Barding Armor
28:58 Town Watch
33:07 Chain Barding Armor
37:31 Iron Casting
39:06 Hand Cart
Connection lost

Rejoining the realm…

Still unreachable

The connection could not be restored.

Session expired

The server has moved on; the page needs a fresh start.